[Event "Titled Tuesday Blitz January 31 Late 2023"]
[White "Marczuk, Dominik"]
[Black "Gomes, Luiz Alexandre de Souza"]
[WhiteFideId "1111264"]
[BlackFideId "2102790"]
[WhiteElo "2253"]
[BlackElo "2254"]
[Result "0-1"]
[Round "05"]
[TimeControl "180+2"]
[Date "2023.01.31"]
[WhiteClock "0:00:11"]
[BlackClock "0:01:30"]

1. e4 c5 2. Nf3 d6 3. d4 cxd4 4. Nxd4 Nf6 5. Nc3 e6 6. Be3 Nc6 7. f3 Be7 8. Qd2 h5 9. O-O-O a6 10. Kb1 Qc7 11. Be2 Bd7 12. h3 h4 13. Nb3 Rc8 14. Na4 Ne5 15. Nb6 Rd8 16. Rhe1 Bc6 17. Qa5 Ned7 18. Nxd7 Rxd7 19. Bb6 Qc8 20. Nd4 Rh5 21. Qd2 Rh8 22. Qe3 g6 23. Bf1 e5 24. Nb3 Kf8 25. c4 Kg7 26. Rd2 Nh5 27. Red1 Nf4 28. Qc3 f6 29. Na5 Bd8 30. Bxd8 Rhxd8 31. Nxc6 Qxc6 32. c5 dxc5 33. Rxd7+ Rxd7 34. Rxd7+ Qxd7 35. Qxc5 Qd1+ 36. Qc1 Qxc1+ 37. Kxc1 Kf7 38. Kc2 Ke7 39. Kc3 Kd6 40. Kb4 Kc6 41. a4 b6 42. Bxa6 Nxg2 43. Bf1 Nf4 44. Kc4 Ne6 45. Be2 Nd4 46. Bd1 Ne6 47. Be2 Ng5 48. b4 Nxh3 49. a5 bxa5 50. bxa5 Nf4 51. Bf1 h3 52. Bxh3 Nxh3 53. a6 Kb6 54. Kd5 Ng5 55. Kd6 Nxf3 56. Ke6 g5 57. Kf5 Kxa6 58. Kxf6 g4 59. Kf5 g3 60. Kg4 g2 61. Kxf3 g1=Q 62. Ke2 0-1


[Site "https://www.chess.com"]

[Event "Titled Tuesday Blitz January 31 Late 2023"]
[White "Kochetov, Andrey"]
[Black "Sliwicki, Damian"]
[WhiteFideId "24130532"]
[BlackFideId "1127128"]
[WhiteElo "2165"]
[BlackElo "2158"]
[Result "1-0"]
[Round "05"]
[TimeControl "180+2"]
[Date "2023.01.31"]
[WhiteClock "0:00:36"]
[BlackClock "0:00:02"]

1. e4 c5 2. Nf3 g6 3. d4 cxd4 4. Nxd4 Nc6 5. c4 Nf6 6. Nc3 Nxd4 7. Qxd4 d6 8. Be2 Bg7 9. Be3 O-O 10. Qd2 a5 11. O-O a4 12. Rac1 Qa5 13. Rfd1 Be6 14. f3 Rfc8 15. b3 axb3 16. axb3 Nd7 17. Rc2 Nc5 18. Rb1 Qb4 19. Nd5 Qxd2 20. Rxd2 Bxd5 21. exd5 Ra3 22. Bd1 Na4 23. Bd4 Bxd4+ 24. Rxd4 Nc3 25. Rb2 Ra1 26. Rbd2 b5 27. cxb5 Nxb5 28. R4d3 Rcc1 29. Kf2 Nc3 30. Be2 Nxe2 31. Rxe2 Rab1 32. Rxe7 Rc2+ 33. Re2 Rxe2+ 34. Kxe2 Rb2+ 35. Ke3 Rxg2 36. Rd2 Rg1 37. Rb2 Kg7 38. b4 1-0


[Site "https://www.chess.com"]

[Event "Titled Tuesday Blitz January 31 Late 2023"]
[White "Itkis, Boris"]
[Black "Travadon, Loic"]
[WhiteFideId "1209167"]
[BlackFideId "26092131"]
[WhiteElo "2329"]
[BlackElo "2461"]
[Result "0-1"]
[Round "05"]
[TimeControl "180+2"]
[Date "2023.01.31"]
[WhiteClock "0:00:04"]
[BlackClock "0:00:30"]

1. c4 e5 2. Nf3 Nc6 3. Nc3 Bc5 4. e3 d6 5. d4 Bb4 6. Bd3 f5 7. Bc2 Nf6 8. O-O O-O 9. Nd5 Ba5 10. Rb1 e4 11. Ne1 Bxe1 12. Nxf6+ Qxf6 13. Qxe1 Qg6 14. b4 Ne7 15. d5 Qh6 16. Bb2 Ng6 17. f3 exf3 18. Rxf3 Ne5 19. Rh3 Qg5 20. Rg3 Qh6 21. Rh3 Qg6 22. Rg3 Qf7 23. Qe2 Bd7 24. Rf1 Rae8 25. Bd4 b6 26. Rf4 g6 27. Qf1 Qe7 28. Bxf5 Bxf5 29. Rxf5 Rxf5 30. Qxf5 Rf8 31. Qc2 Qf7 32. Qe2 Qf5 33. h3 Qe4 34. Bxe5 dxe5 35. Rf3 Rxf3 36. gxf3 Qb1+ 37. Kg2 Qxb4 38. Qc2 Kg7 39. Kg3 Kf6 40. h4 h5 41. Qd3 a5 42. Qe4 Qe1+ 43. Kg2 Qe2+ 44. Kg3 Qxa2 45. f4 Qb2 46. fxe5+ Qxe5+ 47. Qxe5+ Kxe5 48. Kf3 a4 49. Ke2 a3 50. Kd2 a2 0-1


[Site "https://www.chess.com"]

[Event "Titled Tuesday Blitz January 31 Late 2023"]
[White "Wilson, Elvin"]
[Black "Gasparyan, David"]
[WhiteFideId "2014874"]
[BlackFideId "13311980"]
[WhiteElo "2183"]
[BlackElo "2142"]
[Result "0-1"]
[Round "05"]
[TimeControl "180+2"]
[Date "2023.01.31"]
[WhiteClock "0:00:06"]
[BlackClock "0:01:17"]

1. c4 Nf6 2. g3 d6 3. Bg2 Nbd7 4. Nc3 e5 5. e4 Be7 6. d3 O-O 7. Nge2 c6 8. O-O Qc7 9. h3 a5 10. Be3 Nc5 11. f4 Re8 12. Qd2 Bf8 13. f5 Rb8 14. g4 b5 15. Ng3 bxc4 16. dxc4 d5 17. exd5 cxd5 18. Nxd5 Nxd5 19. Bxd5 e4 20. Kg2 Qe5 21. Bd4 Qd6 22. Rae1 Nd3 23. Rxe4 Ba6 24. Ba7 Rxb2 25. Qxb2 Nxb2 26. Rxe8 Bxc4 27. Bxc4 Qc6+ 28. Kh2 Qxe8 29. Bb3 Bd6 30. Bd4 Qe2+ 31. Rf2 Bxg3+ 32. Kxg3 Qd3+ 33. Rf3 Qxd4 34. Kg2 0-1


[Site "https://www.chess.com"]

[Event "Titled Tuesday Blitz January 31 Late 2023"]
[White "Drnovsek, Gal"]
[Black "Alfaro, William"]
[WhiteFideId "14607077"]
[BlackFideId "6100457"]
[WhiteElo "2397"]
[BlackElo "2134"]
[Result "1-0"]
[Round "05"]
[TimeControl "180+2"]
[Date "2023.01.31"]
[WhiteClock "0:00:17"]
[BlackClock "0:00:11"]

1. e4 Nf6 2. e5 Nd5 3. d4 d6 4. c4 Nb6 5. exd6 exd6 6. Nc3 Be7 7. Be3 Bf6 8. Qf3 O-O 9. O-O-O Nc6 10. c5 Nd7 11. h4 dxc5 12. dxc5 Qe7 13. Nd5 Qe5 14. Nxf6+ Nxf6 15. Qf4 Qe7 16. Nf3 Be6 17. Kb1 Nd5 18. Qg5 Nxe3 19. Qxe7 Nxe7 20. fxe3 Rad8 21. Nd4 Bd5 22. Rg1 Be4+ 23. Kc1 Nd5 24. Kd2 Rfe8 25. Bc4 Nxe3 26. Kxe3 Bc2+ 27. Kf3 Bxd1+ 28. Rxd1 g6 29. Bb3 Kg7 30. Nb5 Rxd1 31. Bxd1 Re5 32. b4 c6 33. Nxa7 Rd5 34. Bb3 Rd4 35. b5 cxb5 36. Nxb5 Rxh4 37. Nd6 Rb4 38. Bd5 f5 39. Bxb7 Kf6 40. c6 Ke5 41. c7 g5 42. Nf7+ Kf6 43. c8=Q g4+ 44. Kg3 Kxf7 45. Qxf5+ Ke7 46. Qc5+ 1-0


[Site "https://www.chess.com"]

[Event "Titled Tuesday Blitz January 31 Late 2023"]
[White "Hajiyev, Kanan"]
[Black "Onslow, Alfie"]
[WhiteFideId "13404148"]
[BlackFideId "436976"]
[WhiteElo "2197"]
[BlackElo "2157"]
[Result "1-0"]
[Round "05"]
[TimeControl "180+2"]
[Date "2023.01.31"]
[WhiteClock "0:00:17"]
[BlackClock "0:00:21"]

1. d4 Nf6 2. Nf3 c5 3. e3 b6 4. Be2 Bb7 5. O-O e6 6. b3 Be7 7. Bb2 O-O 8. c4 cxd4 9. Nxd4 Nc6 10. Bf3 Qc7 11. Nb5 Qb8 12. N1c3 a6 13. Nd4 Ne5 14. Bxb7 Qxb7 15. h3 Rac8 16. Qe2 Rfd8 17. Rfd1 d5 18. cxd5 Nxd5 19. Nxd5 Rxd5 20. e4 Rd7 21. Nxe6 fxe6 22. Bxe5 Rcd8 23. Rxd7 Rxd7 24. Qg4 Bf8 25. Qxe6+ Rf7 26. f3 h6 27. Rc1 Kh7 28. Rc8 Re7 29. Qf5+ g6 30. Qxf8 Rxe5 31. Qh8# 1-0


[Site "https://www.chess.com"]

[Event "Titled Tuesday Blitz January 31 Late 2023"]
[White "Deviprasath, Sharvesh"]
[Black "Ruiz Aguilar, Pablo Alexander"]
[WhiteFideId "30938228"]
[BlackFideId "4401352"]
[WhiteElo "2296"]
[BlackElo "2161"]
[Result "1-0"]
[Round "05"]
[TimeControl "180+2"]
[Date "2023.01.31"]
[WhiteClock "0:00:05"]
[BlackClock "0:00:03"]

1. e4 c5 2. Nf3 e6 3. d4 cxd4 4. Nxd4 a6 5. Nc3 Qc7 6. Bd3 Nf6 7. O-O Nc6 8. Nb3 b5 9. Kh1 Bb7 10. f4 d6 11. Qe2 Be7 12. Bd2 Rc8 13. Rae1 b4 14. Nd1 a5 15. g4 a4 16. Nc1 Nd4 17. Qg2 Nxc2 18. Re2 Nd4 19. g5 Nd7 20. Ree1 Nc5 21. Bb1 g6 22. Bxb4 O-O 23. Ne3 Qb6 24. a3 Ncb3 25. Nxb3 axb3 26. Ng4 Nc2 27. Bxc2 Rxc2 28. Bc3 Rxc3 29. bxc3 d5 30. Qb2 dxe4 31. Re3 h5 32. gxh6 f5 33. c4 Rf7 34. Rxb3 e3+ 35. Kg1 Qc6 36. Rxb7 Qc5 37. Rb5 1-0


[Site "https://www.chess.com"]

[Event "Titled Tuesday Blitz January 31 Late 2023"]
[White "Estrada Nieto, Julian"]
[Black "Rose, Felix"]
[WhiteFideId "5101018"]
[BlackFideId "5105722"]
[WhiteElo "2215"]
[BlackElo "2091"]
[Result "1-0"]
[Round "05"]
[TimeControl "180+2"]
[Date "2023.01.31"]
[WhiteClock "0:00:53"]
[BlackClock "0:00:13"]

1. e4 c5 2. Nf3 e6 3. c3 d5 4. exd5 Qxd5 5. d4 Nf6 6. Na3 a6 7. Nc4 Qd8 8. Bf4 cxd4 9. Qxd4 Qxd4 10. Nxd4 Nd5 11. Bg3 Bc5 12. Nb3 Ba7 13. Nd6+ Ke7 14. Bc4 Nb6 15. Be2 Nc6 16. O-O-O e5 17. Nxc8+ Raxc8 18. Bf3 f6 19. Nc5 Rc7 20. Nxb7 Rxb7 21. Bxc6 Rc7 22. Bf3 Nc4 23. Bd5 Rb8 24. Bxc4 Rxc4 25. Rhe1 Kf7 26. Rd7+ 1-0


[Site "https://www.chess.com"]

[Event "Titled Tuesday Blitz January 31 Late 2023"]
[White "Aguilar, Juan"]
[Black "Gardezi, Arsal"]
[WhiteFideId "3800091"]
[BlackFideId "30949521"]
[WhiteElo "2254"]
[BlackElo "2093"]
[Result "1-0"]
[Round "05"]
[TimeControl "180+2"]
[Date "2023.01.31"]
[WhiteClock "0:00:32"]
[BlackClock "0:00:06"]

1. Nf3 g6 2. g3 Bg7 3. Bg2 Nf6 4. O-O O-O 5. d3 d6 6. e4 Nbd7 7. Re1 e5 8. c3 c6 9. d4 exd4 10. cxd4 Re8 11. Nc3 b5 12. a3 Bb7 13. Bf4 Nb6 14. e5 Nfd5 15. Bg5 Qd7 16. Ne4 dxe5 17. dxe5 Nc4 18. Nc5 Qc7 19. Nxb7 Qxb7 20. Rc1 Nxe5 21. Nxe5 Rxe5 22. Rxe5 Bxe5 23. Qc2 Re8 24. h4 b4 25. axb4 Nxb4 26. Qc4 Bg7 27. h5 h6 28. hxg6 hxg5 29. gxf7+ Qxf7 30. Qxb4 Qf6 31. Qc4+ Kh8 32. b3 Re6 33. Bxc6 Rd6 34. Kg2 Rd1 35. Rxd1 1-0


[Site "https://www.chess.com"]

[Event "Titled Tuesday Blitz January 31 Late 2023"]
[White "Buchenau, Frank"]
[Black "Osmonbekov, Talaibek"]
[WhiteFideId "4604350"]
[BlackFideId "2017253"]
[WhiteElo "2222"]
[BlackElo "2137"]
[Result "1-0"]
[Round "05"]
[TimeControl "180+2"]
[Date "2023.01.31"]
[WhiteClock "0:00:56"]
[BlackClock "0:00:07"]

1. e4 c5 2. Nf3 d6 3. Bb5+ Nd7 4. O-O a6 5. Bd3 Ngf6 6. Re1 g6 7. c3 Bg7 8. Bf1 O-O 9. d4 e5 10. dxe5 Nxe5 11. Nxe5 dxe5 12. f3 Qe7 13. c4 Nh5 14. Nc3 Be6 15. g3 f5 16. Nd5 Qf7 17. exf5 gxf5 18. f4 e4 19. Be2 Bd4+ 20. Kg2 Nf6 21. Be3 Bxd5 22. Bxd4 cxd4 23. cxd5 Qxd5 24. Rc1 Rac8 25. Qa4 d3 26. Bd1 Kh8 27. Bb3 Qd6 28. Rxc8 Rxc8 29. Qa5 Ng4 30. Qxf5 d2 31. Qxc8+ Kg7 32. Qxg4+ Kf8 33. Rxe4 d1=Q 34. Qg8# 1-0


[Site "https://www.chess.com"]

[Event "Titled Tuesday Blitz January 31 Late 2023"]
[White "Forgacs, Attila Jr."]
[Black "Fajdetic, Hrvoje"]
[WhiteFideId "773654"]
[BlackFideId "14501945"]
[WhiteElo "2264"]
[BlackElo "2151"]
[Result "1-0"]
[Round "05"]
[TimeControl "180+2"]
[Date "2023.01.31"]
[WhiteClock "0:01:19"]
[BlackClock "0:00:10"]

1. e4 c5 2. Nf3 a6 3. c4 Nc6 4. d4 cxd4 5. Nxd4 g6 6. Nc3 Bg7 7. Be3 d6 8. f3 Nf6 9. Be2 O-O 10. Qd2 Nxd4 11. Bxd4 Be6 12. b3 Rc8 13. Rc1 Nd7 14. Be3 Qa5 15. Nd5 Qxd2+ 16. Kxd2 Bxd5 17. cxd5 Bb2 18. Rxc8 Rxc8 19. Rb1 Bc3+ 20. Kd1 Be5 21. g3 Kg7 22. Rc1 Rxc1+ 23. Kxc1 h6 24. Kc2 g5 25. b4 Kg6 26. a4 h5 27. a5 h4 28. f4 hxg3 29. hxg3 gxf4 30. gxf4 Bf6 31. Bg4 e6 32. dxe6 fxe6 33. Bxe6 Nb8 34. Bc8 Nc6 35. Kb3 Nd8 36. Bb6 Kf7 37. Bxd8 Bxd8 38. Bxb7 Bh4 39. Bxa6 Bg3 40. f5 Ke7 41. Kc4 Kd8 42. Kd5 Kd7 43. Bb5+ Kc7 44. f6 Be1 45. f7 1-0


[Site "https://www.chess.com"]

[Event "Titled Tuesday Blitz January 31 Late 2023"]
[White "Yanayt, Eugene"]
[Black "Boder, Jan"]
[WhiteFideId "2020165"]
[BlackFideId "16243226"]
[WhiteElo "2004"]
[BlackElo "2294"]
[Result "0-1"]
[Round "05"]
[TimeControl "180+2"]
[Date "2023.01.31"]
[WhiteClock "0:00:04"]
[BlackClock "0:00:04"]

1. d4 Nf6 2. c4 c5 3. d5 b5 4. cxb5 a6 5. bxa6 g6 6. Nc3 Bg7 7. g3 O-O 8. Bg2 d6 9. Nf3 Nxa6 10. e4 Qa5 11. O-O Nb4 12. Re1 Ba6 13. e5 Ng4 14. exd6 exd6 15. Ne4 Nd3 16. Re2 Qb6 17. Rb1 Rae8 18. h3 Rxe4 19. Rxe4 Ngxf2 20. Qe2 Nxe4 21. Qxe4 Nxc1 22. Rxc1 Qxb2 23. Rc2 Qa1+ 24. Kh2 Bf1 25. Ng5 h6 26. Nf3 Bxg2 27. Rxg2 Ra8 28. h4 Kh7 29. h5 Rxa2 30. hxg6+ fxg6 31. Nh4 Rxg2+ 32. Kxg2 Qf6 33. Nf3 Qf5 34. Qe7 Qf6 35. Qd7 c4 36. g4 c3 37. Qc7 Qf4 38. g5 hxg5 39. Qe7 c2 40. Nxg5+ Kh6 41. Nf7+ Kh5 42. Nxd6 c1=Q 43. Qe2+ Qg4+ 44. Qxg4+ Kxg4 45. Nf7 Qd2+ 46. Kf1 Bd4 47. Nh6+ Qxh6 48. Ke2 Qe3+ 49. Kd1 Bc3 50. Kc2 Qd2+ 51. Kb3 Bd4 52. Ka4 Qc3 53. Kb5 Qc5+ 0-1


[Site "https://www.chess.com"]

[Event "Titled Tuesday Blitz January 31 Late 2023"]
[White "Zampronha, Wladimir Camilo"]
[Black "Bouget, Alexandre"]
[WhiteFideId "2103087"]
[BlackFideId "681318"]
[WhiteElo "2176"]
[BlackElo "2267"]
[Result "1-0"]
[Round "05"]
[TimeControl "180+2"]
[Date "2023.01.31"]
[WhiteClock "0:00:34"]
[BlackClock "0:00:16"]

1. e4 c6 2. d4 d5 3. e5 Bf5 4. Nf3 e6 5. Be2 Nd7 6. O-O Be7 7. Nbd2 g5 8. c3 h5 9. Nb3 g4 10. Ne1 c5 11. dxc5 Nxe5 12. Nd4 Bg6 13. Bb5+ Nd7 14. b4 Nf6 15. c6 bxc6 16. Nxc6 Qb6 17. Nxe7 Qxb5 18. Nxg6 fxg6 19. Nd3 Kf7 20. Re1 Rae8 21. Bf4 Ne4 22. Ne5+ Nxe5 23. Bxe5 Rhf8 24. Qd4 Kg8 25. a4 Qc6 26. Qxa7 Rf7 27. Qe3 Rxf2 28. Qh6 Re7 29. Rxe4 dxe4 30. Kxf2 e3+ 31. Kg1 Qe4 32. Qh8+ Kf7 33. Rf1+ Qf5 34. Rxf5+ exf5 35. Bg3 f4 36. Bxf4 e2 37. Bg3 e1=Q+ 38. Bxe1 Rxe1+ 39. Kf2 Re6 40. b5 1-0


[Site "https://www.chess.com"]

[Event "Titled Tuesday Blitz January 31 Late 2023"]
[White "Chabris, Christopher"]
[Black "Necromon"]
[WhiteFideId "2005263"]
[WhiteElo "2053"]
[BlackElo "2420"]
[Result "0-1"]
[Round "05"]
[TimeControl "180+2"]
[Date "2023.01.31"]
[WhiteClock "0:00:01"]
[BlackClock "0:00:39"]

1. e4 c5 2. Nf3 Nc6 3. Bb5 g6 4. Bxc6 dxc6 5. d3 Bg7 6. h3 Nf6 7. Nc3 O-O 8. Be3 b6 9. Qd2 e5 10. a3 Qc7 11. b4 cxb4 12. axb4 Be6 13. O-O c5 14. bxc5 bxc5 15. Ng5 Bd7 16. f4 Nh5 17. f5 Nf4 18. Bxf4 exf4 19. Nd5 Qe5 20. Ra6 Bxf5 21. Nf3 Qb8 22. Ne7+ Kh8 23. exf5 Qb7 24. f6 Qxa6 25. fxg7+ Kxg7 26. Qxf4 Qe6 27. Re1 Qd7 28. Qg5 f6 29. Nf5+ Qxf5 30. Re7+ Rf7 31. Qe3 Rf8 32. g4 Qd5 33. Nh4 Rxe7 34. Qxe7+ Rf7 35. Qe8 Qd4+ 36. Kg2 Qd6 37. Nf3 Re7 0-1


[Site "https://www.chess.com"]

[Event "Titled Tuesday Blitz January 31 Late 2023"]
[White "Fernandez, Maria Florencia"]
[Black "Kohler, Aran"]
[WhiteFideId "116459"]
[BlackFideId "1002856"]
[WhiteElo "2129"]
[BlackElo "2010"]
[Result "1-0"]
[Round "05"]
[TimeControl "180+2"]
[Date "2023.01.31"]
[WhiteClock "0:00:07"]
[BlackClock "0:00:11"]

1. d4 Nf6 2. c4 c5 3. d5 b5 4. cxb5 a6 5. bxa6 g6 6. Nc3 Bxa6 7. e4 Bxf1 8. Kxf1 d6 9. Nf3 Bg7 10. g3 Nbd7 11. Kg2 O-O 12. a4 Qa5 13. Qc2 Ng4 14. Ra3 Nge5 15. Nxe5 Nxe5 16. Nb5 Rfc8 17. Bd2 Qb6 18. Bc3 c4 19. Bd4 Qb7 20. f4 Ng4 21. h3 Nf6 22. Rd1 Qd7 23. Rc3 h5 24. Bxf6 Bxf6 25. Rxc4 Rxc4 26. Qxc4 Bxb2 27. Qb3 Bf6 28. Rc1 Qb7 29. Qc4 Qa6 30. Nc7 Qxc4 31. Rxc4 Ra5 32. Kf3 Kg7 33. Ne8+ Kf8 34. Nxf6 exf6 35. Ke3 Ke7 36. Kd3 f5 37. exf5 Rxd5+ 38. Rd4 Rxf5 39. Kc4 Ra5 40. Kb4 Ra8 41. a5 Rb8+ 42. Ka4 Ke6 43. a6 d5 44. Ka5 Kd6 45. a7 Rc8 46. Ka6 Rc6+ 47. Kb7 Rc7+ 48. Kb8 Kd7 49. a8=Q Rc8+ 50. Kb7 Rc7+ 51. Kb6 1-0


[Site "https://www.chess.com"]

[Event "Titled Tuesday Blitz January 31 Late 2023"]
[White "Ansh M Shah"]
[Black "Torres Dominguez, David"]
[WhiteFideId "25033379"]
[BlackFideId "2220857"]
[WhiteElo "2171"]
[BlackElo "1994"]
[Result "1-0"]
[Round "05"]
[TimeControl "180+2"]
[Date "2023.01.31"]
[WhiteClock "0:00:10"]
[BlackClock "0:00:09"]

1. d4 e5 2. dxe5 d6 3. exd6 Bxd6 4. Nf3 Bg4 5. e3 Qe7 6. h3 Bh5 7. g4 Bg6 8. Bg2 Nc6 9. O-O O-O-O 10. Qe2 h5 11. g5 h4 12. Nc3 Bh5 13. Nb5 Ne5 14. Nxd6+ cxd6 15. e4 f6 16. Bf4 fxg5 17. Bxe5 dxe5 18. Qc4+ Kb8 19. Rad1 Nh6 20. Rd5 Nf7 21. Rfd1 Rxd5 22. Rxd5 g4 23. hxg4 Bxg4 24. Qc5 Qxc5 25. Rxc5 h3 26. Bh1 Bxf3 27. Bxf3 Rc8 28. Rxc8+ Kxc8 29. Bg4+ Kc7 30. Bxh3 Ng5 31. Bg2 Ne6 32. c3 Nf4 33. Bf1 a5 34. Kh2 Kd6 35. Kg3 Ke7 36. Kf3 Ke6 37. Kg4 Kf6 38. a4 Ne6 39. b4 b6 40. Bc4 Ng5 41. f3 Nh7 42. f4 Nf8 43. Bd5 exf4 44. Kxf4 Ng6+ 45. Ke3 Ke5 46. bxa5 bxa5 47. c4 Ne7 48. Kf3 Nc8 49. Bc6 Nd6 50. Bd5 g5 51. c5 Nc8 52. c6 Ne7 53. Kg4 Kd6 54. Kxg5 Nxc6 55. Bxc6 Kxc6 56. Kf6 Kd7 57. Kf7 Kd6 58. Kf6 Kd7 59. e5 Ke8 60. Ke6 Kd8 61. Kf7 1-0


[Site "https://www.chess.com"]

[Event "Titled Tuesday Blitz January 31 Late 2023"]
[White "Sai Han Thiha"]
[Black "Slater-Jones, Henry"]
[WhiteFideId "13012290"]
[BlackFideId "3222101"]
[WhiteElo "2070"]
[BlackElo "1826"]
[Result "0-1"]
[Round "05"]
[TimeControl "180+2"]
[Date "2023.01.31"]
[WhiteClock "0:00:06"]
[BlackClock "0:00:25"]

1. d4 d5 2. c4 e6 3. Nc3 Nf6 4. Bg5 Be7 5. e3 Nbd7 6. Nf3 c6 7. Qc2 O-O 8. a3 b6 9. cxd5 exd5 10. Bd3 Bb7 11. O-O Rc8 12. Rad1 h6 13. Bh4 c5 14. dxc5 bxc5 15. Bf5 Rb8 16. Bxd7 Qxd7 17. Bxf6 Bxf6 18. Ne4 Be7 19. Nxc5 Qc6 20. b4 Rfc8 21. Nd4 Qc7 22. Ndb3 a5 23. Nxa5 Bxc5 24. Nxb7 Rxb7 25. bxc5 Qxc5 26. Qf5 Ra8 27. Rxd5 Qxa3 28. g3 Qb2 29. Rfd1 Re7 30. Rd8+ Re8 31. R1d7 Rexd8 32. Qxf7+ Kh8 33. g4 Rxd7 34. Qxd7 Qf6 35. Kg2 Rf8 36. f4 Qb2+ 37. Kg3 Qe2 38. Qe7 Qe1+ 39. Kf3 Qf1+ 40. Kg3 Rg8 41. h4 Qe1+ 42. Kf3 Qd1+ 43. Kg3 Qd8 44. Qa7 Re8 45. g5 Qd3 46. Kf3 Qd1+ 47. Kf2 Qh1 48. gxh6 Qxh4+ 49. Kf3 Qh5+ 50. Kf2 Qxh6 51. Qd4 Qf6 52. Qc5 Rd8 53. Kf3 Kg8 54. Qc4+ Qf7 55. Qc5 Re8 56. Kf2 Rd8 57. Kf3 Qd5+ 58. Qxd5+ Rxd5 59. e4 Rd8 60. e5 Kf7 61. Ke4 Rd1 62. f5 Ke7 63. Kf4 Re1 64. Kg5 Rxe5 65. Kg6 Kf8 66. Kg5 Kf7 67. Kf4 Kf6 68. Kg4 Rxf5 0-1


[Site "https://www.chess.com"]

[Event "Titled Tuesday Blitz January 31 Late 2023"]
[White "Kraus, Tomas"]
[Black "Sailer, Mike"]
[WhiteFideId "331708"]
[BlackFideId "2012901"]
[WhiteElo "2473"]
[BlackElo "2109"]
[Result "1-0"]
[Round "05"]
[TimeControl "180+2"]
[Date "2023.01.31"]
[WhiteClock "0:01:02"]
[BlackClock "0:00:36"]

1. e4 d5 2. e5 c5 3. Bb5+ Bd7 4. Bxd7+ Qxd7 5. Nf3 Nc6 6. O-O e6 7. d4 cxd4 8. Bf4 Nge7 9. Nbd2 Nf5 10. Nb3 Be7 11. Nbxd4 Nfxd4 12. Nxd4 Nxd4 13. Qxd4 O-O 14. c3 Rfc8 15. Rad1 Qb5 16. Rd2 Rc4 17. Qe3 Re4 18. Qg3 Kh8 19. Rfd1 Rc8 20. a3 Qb3 21. Be3 Rcc4 22. h3 b6 23. Qf3 Bc5 24. Bxc5 bxc5 25. Qxf7 h6 26. Qe8+ Kh7 27. Qxe6 d4 28. Qf5+ Kh8 29. Qxe4 1-0


[Site "https://www.chess.com"]

[Event "Titled Tuesday Blitz January 31 Late 2023"]
[White "Hartikainen, Jarmo"]
[Black "Vasques, Antonio Pedro Freixial"]
[WhiteFideId "503134"]
[BlackFideId "1908332"]
[WhiteElo "2108"]
[BlackElo "2214"]
[Result "0-1"]
[Round "05"]
[TimeControl "180+2"]
[Date "2023.01.31"]
[WhiteClock "0:00:07"]
[BlackClock "0:00:34"]

1. e4 d5 2. exd5 Nf6 3. d4 Bg4 4. f3 Bh5 5. Nc3 Nxd5 6. Nxd5 Qxd5 7. c4 Qd6 8. Nh3 e5 9. dxe5 Qxe5+ 10. Qe2 Bb4+ 11. Bd2 Bxd2+ 12. Kxd2 Nc6 13. Qxe5+ Nxe5 14. Rd1 O-O-O+ 15. Kc2 Bg6+ 16. Kc1 Rxd1+ 17. Kxd1 Rd8+ 18. Kc1 Nc6 19. Nf4 Nd4 20. Nxg6 hxg6 21. h4 Nf5 22. g4 Nd4 23. Rh3 Re8 24. Kd2 Ne6 25. Rh2 Nf4 26. Be2 c5 27. b3 Kc7 28. Rf2 Kd6 29. Bf1 Ke5 30. Kc2 Kd4 31. Rd2+ Ke3 32. Rd7 Kf2 33. Rxf7 Ne6 34. Rxb7 Kxf1 35. Rxa7 Ke2 36. a4 Kxf3 37. a5 Kxg4 38. b4 cxb4 39. a6 Kxh4 40. Rb7 b3+ 41. Kb2 Nc5 42. Rb6 Nxa6 0-1


[Site "https://www.chess.com"]

[Event "Titled Tuesday Blitz January 31 Late 2023"]
[White "Harish, Neeraj"]
[Black "Mazurkiewicz, Michal"]
[WhiteFideId "30958130"]
[BlackFideId "1124943"]
[WhiteElo "2232"]
[BlackElo "2145"]
[Result "1/2-1/2"]
[Round "05"]
[TimeControl "180+2"]
[Date "2023.01.31"]
[WhiteClock "0:00:08"]
[BlackClock "0:00:03"]

1. e4 d6 2. d4 Nf6 3. Nc3 c6 4. Nf3 Bg4 5. Be2 e6 6. h3 Bh5 7. Be3 d5 8. e5 Nfd7 9. O-O c5 10. Qd2 Bxf3 11. Bxf3 Nc6 12. Ne2 cxd4 13. Bxd4 Ndxe5 14. Bxe5 Nxe5 15. Nd4 Nxf3+ 16. Nxf3 Be7 17. c3 O-O 18. Rfe1 Bf6 19. Ne5 Qc7 20. f4 Rfd8 21. Rad1 g6 22. Kh1 Rac8 23. Ng4 Bg7 24. Ne5 h5 25. Qf2 Qb6 26. Qxb6 axb6 27. a3 h4 28. Rd4 Rc4 29. Rxc4 dxc4 30. Nxc4 b5 31. Na5 b6 32. Nc6 Rd2 33. Rb1 Rf2 34. Na7 Rxf4 35. Nxb5 Rf2 36. a4 e5 37. Nd6 f5 38. Kg1 Re2 39. Kf1 Rc2 40. Nc4 e4 41. Nxb6 e3 42. Nc4 f4 43. Re1 Bf8 44. Re2 Rc1+ 45. Re1 Rc2 46. Re2 Rc1+ 47. Re1 Rc2 1/2-1/2


[Site "https://www.chess.com"]

[Event "Titled Tuesday Blitz January 31 Late 2023"]
[White "Vaglio Mattey, Emanuel"]
[Black "Aung Thant Zin"]
[WhiteFideId "6504167"]
[BlackFideId "13000063"]
[WhiteElo "2155"]
[BlackElo "2268"]
[Result "1-0"]
[Round "05"]
[TimeControl "180+2"]
[Date "2023.01.31"]
[WhiteClock "0:00:17"]
[BlackClock "0:00:48"]

1. d4 Nf6 2. Nf3 e6 3. Bg5 d5 4. Nbd2 Be7 5. e3 Nbd7 6. Bd3 c5 7. c3 b6 8. Qe2 Bb7 9. O-O O-O 10. Ba6 Qc8 11. Bxb7 Qxb7 12. Ne5 Rfe8 13. f4 Nf8 14. f5 exf5 15. Rxf5 Ne6 16. Bxf6 Bxf6 17. Raf1 Bxe5 18. dxe5 Re7 19. e4 d4 20. Nc4 Rf8 21. Nd6 Qd7 22. Qg4 g6 23. h4 Ng7 24. cxd4 cxd4 25. Qg5 gxf5 26. Nxf5 f6 27. exf6 Rxf6 28. Qxf6 Nxf5 29. Rxf5 Rg7 30. Rd5 1-0


[Site "https://www.chess.com"]

[Event "Titled Tuesday Blitz January 31 Late 2023"]
[White "Kujawski, Adam"]
[Black "Ortez, Andrea"]
[WhiteFideId "1100920"]
[BlackFideId "6702392"]
[WhiteElo "2173"]
[BlackElo "1961"]
[Result "1-0"]
[Round "05"]
[TimeControl "180+2"]
[Date "2023.01.31"]
[WhiteClock "0:00:09"]
[BlackClock "0:00:01"]

1. e4 c5 2. Nf3 Nc6 3. Nc3 g6 4. Bb5 Bg7 5. O-O Nd4 6. Nxd4 cxd4 7. Ne2 a6 8. Ba4 b5 9. Bb3 Bb7 10. d3 d6 11. c3 dxc3 12. Nxc3 e6 13. Be3 Ne7 14. Qd2 O-O 15. Bh6 d5 16. Bxg7 Kxg7 17. Rad1 dxe4 18. dxe4 Nc6 19. Qf4 Qe7 20. e5 Rad8 21. Ne4 Na5 22. Nd6 Nxb3 23. axb3 Bd5 24. Rd3 h5 25. Re1 Rd7 26. Qg3 Rc7 27. Rxd5 Rc2 28. Rd3 Rxb2 29. Qf4 Rd8 30. h4 Rd7 31. Rf3 Rc7 32. Ne4 b4 33. Ng5 1-0


[Site "https://www.chess.com"]

[Event "Titled Tuesday Blitz January 31 Late 2023"]
[White "Vargas, Mauricio"]
[Black "Lucassen, Mickey"]
[WhiteFideId "4404572"]
[BlackFideId "12919110"]
[WhiteElo "2035"]
[BlackElo "2023"]
[Result "0-1"]
[Round "05"]
[TimeControl "180+2"]
[Date "2023.01.31"]
[WhiteClock "0:00:12"]
[BlackClock "0:02:17"]

1. e4 c5 2. Nc3 e6 3. f4 Nc6 4. Nf3 d5 5. Bb5 d4 6. Bxc6+ bxc6 7. Nb1 Nf6 8. d3 Nd7 9. b3 Bd6 10. e5 Be7 11. Nbd2 f6 12. exf6 Bxf6 13. O-O O-O 14. Qe1 Nb6 15. Ne4 Nd5 16. Ba3 Be7 17. Bxc5 Bxc5 18. Nxc5 Ne3 19. Rf2 Qd5 20. Ne4 Rxf4 0-1


[Site "https://www.chess.com"]